 Dungeon Sprint DCSS version 0.21-a0-205-ge9f4a53 (webtiles) character file.

52245 Prongo the Axe Maniac (level 14, -8/154 HPs)
             Began as a Deep Dwarf Monk on Aug 20, 2017.
             Was the Champion of Makhleb.
             Mangled by a vault warden
             ... wielding a +2 halberd of chopping
              (28 damage)
             ... in the Dungeon (Sprint IX: "|||||||||||||||||||||||||||||").
             The game lasted 00:07:26 (2090 turns).

Prongo the Axe Maniac (Deep Dwarf Monk)             Turns: 2090, Time: 00:07:26

Health: -8/154     AC: 14    Str: 20    XL:     14   Next: 26%
Magic:  21/21      EV: 11    Int: 14    God:    Makhleb [******]
Gold:   1947       SH:  0    Dex: 15    Spells: 13/13 levels left

rFire    + . .     SeeInvis +   m - +14 obsidian axe {chop, +Fly SInv *Curse} (curse)
rCold    + . .     Gourm    .   (no shield)
rNeg     + . .     Faith    .   y - +0 gold dragon scales
rPois    +         Spirit   .   G - +1 helmet
rElec    .         Reflect  .   n - +0 cloak
rCorr    .         Harm     .   o - +0 pair of gloves
MR       ++...     NoTele   +   F - +1 pair of boots
Stlth    ..........             (no amulet)
HPRegen  0.00/turn              q - +3 ring of intelligence
MPRegen  0.17/turn              r - +2 ring of evasion

@: lethally poisoned (-8 -> -8), marked, corroded, mesmerised, non-regenerating
A: damage resistance, heal wounds, negative energy resistance 1, sense
surroundings 2, no regeneration
a: Heal Wounds, Minor Destruction, Lesser Servant of Makhleb, Major Destruction,
Greater Servant of Makhleb, Renounce Religion, Evoke Flight


You were in the Dungeon.
You worshipped Makhleb.
Makhleb was exalted by your worship.
You were not hungry.

You visited 1 branch You collected 1947 gold pieces.

Inventory:

Hand Weapons
 m - the cursed +14 obsidian axe (weapon) {chop, +Fly SInv *Curse}
   (You found it in the Dungeon)

   It inflicts extra damage upon your enemies.
   It lets you see invisible.
   It lets you fly.
   It curses itself when equipped.
   It has a curse placed upon it.
Armour
 n - a +0 cloak (worn)
 o - a +0 pair of gloves (worn)
 y - +0 gold dragon scales (worn)
 F - a +1 pair of boots (worn)
 G - a +1 helmet (worn)
 H - a +3 chain mail
Jewellery
 q - a +3 ring of intelligence (left hand)
 r - a +2 ring of evasion (right hand)
Wands
 l - a wand of iceblast (7/15)
Scrolls
 i - 3 scrolls of blinking
 j - 3 scrolls of remove curse
 k - 2 scrolls of amnesia
 p - a scroll of recharging
 s - a scroll of magic mapping
 t - a scroll of fear
 u - 4 scrolls of enchant weapon
 v - 2 scrolls of fog
 w - 2 scrolls of identify
Potions
 b - a potion of resistance
 d - 6 potions of curing
 e - 8 potions of heal wounds
 f - 3 potions of haste
 g - 4 potions of magic
 h - a potion of invisibility
Comestibles
 a - 38 fruits
 c - 13 bread rations
 x - 11 meat rations


   Skills:
 + Level 17.7 Fighting
 O Level 27 Axes
 + Level 17.1 Armour
 + Level 10.3 Dodging
 - Level 2.4 Stealth
 + Level 14.1 Invocations


You had 13 spell levels left.
You didn't know any spells.

Dungeon Overview and Level Annotations

Branches:
Dungeon (1/1)

Altars:
Cheibriados
Dithmenos
Elyvilon
Fedhas
Gozag
Hepliaklqana
Kikubaaqudgha
Makhleb
Nemelex Xobeh
Okawaru
Qazlal
Ru
Sif Muna
Trog
Uskayaw
Vehumet
Wu Jian
Xom
Yredelemnul
Zin
The Shining One
Beogh
Jiyva
Lugonu

Shops:
D *:}%


Innate Abilities, Weirdness & Mutations

You are resistant to damage.
You can heal yourself by infusing magical energy.
You resist negative energy. (rN+)
You passively map the area around you.
You do not regenerate.


Message History

Visions of slaying the vault warden flood into your mind.
The vault warden hits you from afar with a halberd of chopping!!
* * * LOW HITPOINT WARNING * * *
x2 You feel much better.
The vault warden hits you from afar with a halberd of chopping!!
* * * LOW HITPOINT WARNING * * *
You cannot move away from the vault warden!
You cannot move away from the vault warden!
Unknown command.
An entropy weaver comes into view.
You see here a wolf spider corpse.
Unknown command.
You slash the vault warden!
The vault warden is lightly wounded.
The tengu reaver mumbles some strange words.
Nothing appears to happen.
The vault warden misses you.
You slash the vault warden! You open a gate to Pandemonium!
A demon appears!
The vault warden is moderately wounded.
The vault warden hits you with a halberd of chopping!!
You die...

[[[...!.......†5()3.5..[......'..
▓▓▓▓▓▓▓▓▓▓▓▓▓▓▓▓▓▓▓▓▓▓▓▓▓▓▓▓▓▓▓▓▓
.................................
♣♣♣♣♣♣♣▓▓▓▓▓▓▓▓▓▓▓▓▓▓▓▓▓▓▓▓▓▓▓▓▓▓
†......††.......(+))†)†....'.....
♣♣♣♣♣♣♣▓▓▓▓▓▓▓▓▓▓▓▓▓▓▓▓▓▓▓▓▓▓▓▓▓▓
†........................).......
▓▓▓▓▓▓▓▓▓▓▓▓▓▓▓▓▓▓▓▓▓▓▓▓▓▓▓▓▓▓▓▓▓
(.(5)...+)(†).33@puQaCCa ,+,
▓▓▓▓▓▓▓▓▓▓▓▓▓▓▓▓▓▓▓▓▓▓▓▓ ***** *
, ,, ,, , , , ,, , , , , * * * **
** * * * * * , , , , , , , , * *
* * * * ** , , ,,, , , , ,, , * *
** * *** * , , , , + ,


You could see a frost giant, a stone giant, a vault warden, a tengu reaver, 2
entropy weavers, a white ugly thing, a friendly sun demon and a friendly
ynoxinul.

Vanquished Creatures
  A golden dragon (D)
  Gastronok (D)
  A thorn hunter (D)
  Kirke (D)
  A fire giant (D)
  2 very ugly things (D)
  A vampire knight (D)
  A stone giant (D)
  2 ettins (D)
  A merfolk javelineer (D)
  A fire dragon (D)
  Harold (D)
  3 hydras (D)
  An anaconda (D)
  4 ice dragons (D)
  A merfolk aquamancer (D)
  4 ogre magi (D)
  6 two-headed ogres (D)
  A deep troll shaman (D)
  A deep troll earth mage (D)
  A shock serpent (D)
  Nergalle (D)
  A skeletal warrior (D)
  A flayed ghost (D)
  A wizard (D)
  A glowing orange brain (D)
  4 orc knights (D)
  3 wolf spiders (D)
  An ironbrand convoker (D)
  A manticore (D)
  An ugly thing (D)
  A cyclops (D)
  A moth of wrath (D)
  A guardian serpent (D)
  2 black mambas (D)
  3 spiny frogs (D)
  3 water nymphs (D)
  A merfolk siren (D)
  3 naga magi (D)
  A vault sentinel (D)
  A torpor snail (D)
  A gargoyle (D)
  A komodo dragon (D)
  3 yaktaurs (D)
  2 tengu conjurers (D)
  2 jumping spiders (D)
  2 hornets (D)
  A troll (D)
  A polar bear (D)
  A merfolk (D)
  2 tyrant leeches (D)
  A slime creature (D)
  A blink frog (D)
  A spriggan (D)
  3 redbacks (D)
  2 hippogriffs (D)
  2 yaks (D)
  3 hogs (D)
  A water elemental (D)
  A yak (shapeshifter) (D)
  A basilisk (D)
  2 vampire mosquitoes (D)
  2 acid dragons (D)
  A soldier ant (D)
  2 water moccasins (D)
  A swamp drake (D)
  A porcupine (D)
  5 orc warriors (D)
  3 ogres (D)
  2 boggarts (D)
  A wolf (D)
  A crocodile (D)
  5 bullfrogs (D)
  3 crimson imps (D)
  An orc priest (D)
  4 orc wizards (D)
  A shadow imp (D)
  An adder skeleton (D)
  A worm (D)
  A dart slug (D)
  A leopard gecko (D)
  9 orcs (D)
  2 bat zombies (D)
  A hobgoblin (D)
  2 giant cockroach simulacra (D)
  A kobold (D)
  A leopard gecko zombie (D)
  2 rats (D)
157 creatures vanquished.

Vanquished Creatures (collateral kills)
  A two-headed ogre (D)
  A wizard (D)
  A deep elf archer (D)
  A cyclops (D)
  An ugly thing (D)
  A spiny frog (D)
  2 blink frogs (D)
  A wraith (D)
  A golden eye (shapeshifter) (D)
  A basilisk (D)
  A naga (D)
  An orc warrior (D)
  A porcupine (D)
  A crocodile (D)
  2 bullfrogs (D)
  An orc (D)
18 creatures vanquished.

Vanquished Creatures (others)
  A human (D)
  A swamp drake (D)
2 creatures vanquished.

Grand Total: 177 creatures vanquished

Notes
Turn   | Place    | Note
-------+----------+-------------------------------------------
     0 | D        | Prongo the Deep Dwarf Monk began the quest for the Orb.
     0 | D        | Reached XP level 1. HP: 20/20 MP: 1/1
     9 | D        | Reached skill level 4 in Axes
    16 | D        | Reached skill level 5 in Axes
    20 | D        | Noticed a crimson imp
    22 | D        | Reached XP level 2. HP: 27/27 MP: 2/2
    24 | D        | Killed a crimson imp
    24 | D        | Reached skill level 8 in Axes
    24 | D        | Reached XP level 3. HP: 33/33 MP: 3/3
    51 | D        | Found a roughly hewn altar of Beogh.
    51 | D        | Found a snail-covered altar of Cheibriados.
    51 | D        | Found a shadowy altar of Dithmenos.
    51 | D        | Found a white marble altar of Elyvilon.
    51 | D        | Found a blossoming altar of Fedhas.
    51 | D        | Found an opulent altar of Gozag.
    52 | D        | Found a hazy altar of Hepliaklqana.
    53 | D        | Found a viscous altar of Jiyva.
    54 | D        | Found an ancient bone altar of Kikubaaqudgha.
    55 | D        | Found a corrupted altar of Lugonu.
    56 | D        | Found a burning altar of Makhleb.
    57 | D        | Found a sparkling altar of Nemelex Xobeh.
    58 | D        | Found an iron altar of Okawaru.
    59 | D        | Found a stormy altar of Qazlal.
    60 | D        | Found a sacrificial altar of Ru.
    61 | D        | Found a deep blue altar of Sif Muna.
    62 | D        | Found a bloodstained altar of Trog.
    63 | D        | Found a hide-covered altar of Uskayaw.
    64 | D        | Found a radiant altar of Vehumet.
    65 | D        | Found an ornate altar of the Wu Jian Council.
    66 | D        | Found a shimmering altar of Xom.
    67 | D        | Found a basalt altar of Yredelemnul.
    72 | D        | Became a worshipper of Makhleb the Destroyer
    72 | D        | Reached * piety under Makhleb
    72 | D        | Reached ** piety under Makhleb
    77 | D        | Found a glowing silver altar of Zin.
    78 | D        | Found a glowing golden altar of the Shining One.
    95 | D        | Found the +14 obsidian axe {chop, +Fly SInv *Curse}
   131 | D        | Noticed a troll
   131 | D        | Noticed a bullfrog
   136 | D        | Killed a troll
   136 | D        | Reached skill level 11 in Axes
   136 | D        | Reached skill level 1 in Armour
   136 | D        | Reached skill level 5 in Dodging
   136 | D        | Reached XP level 4. HP: 28/45 MP: 3/7
   136 | D        | Reached XP level 5. HP: 32/51 MP: 3/8
   139 | D        | Reached skill level 12 in Axes
   139 | D        | Reached XP level 6. HP: 36/58 MP: 3/9
   142 | D        | Reached *** piety under Makhleb
   146 | D        | Reached skill level 5 in Fighting
   146 | D        | Reached skill level 5 in Invocations
   154 | D        | Noticed a yak
   154 | D        | Noticed a gargoyle
   154 | D        | Noticed a soldier ant
   154 | D        | Noticed an acid dragon
   154 | D        | Noticed a wraith
   156 | D        | Killed a yak
   156 | D        | Reached skill level 13 in Axes
   156 | D        | Reached XP level 7. HP: 51/67 MP: 5/11
   162 | D        | Killed a gargoyle
   162 | D        | Reached **** piety under Makhleb
   162 | D        | Reached skill level 14 in Axes
   172 | D        | Reached skill level 15 in Axes
   176 | D        | Reached XP level 8. HP: 49/76 MP: 7/13
   329 | D        | Noticed a hippogriff
   329 | D        | Noticed a komodo dragon
   330 | D        | Reached ***** piety under Makhleb
   344 | D        | Killed a hippogriff
   344 | D        | Reached skill level 16 in Axes
   347 | D        | Killed a komodo dragon
   358 | D        | Reached skill level 17 in Axes
   358 | D        | Gained mutation: You passively map the area around you. [Deep Dwarf growth]
   358 | D        | Reached XP level 9. HP: 71/85 MP: 15/15
   359 | D        | Reached ****** piety under Makhleb
   377 | D        | Noticed a polar bear
   388 | D        | Killed a polar bear
   388 | D        | Reached skill level 18 in Axes
   395 | D        | Reached skill level 10 in Invocations
   410 | D        | Noticed a spiny frog
   410 | D        | Noticed a spiny frog
   410 | D        | Noticed a spiny frog
   413 | D        | Killed a spiny frog
   414 | D        | Noticed a spiny frog
   417 | D        | Killed a spiny frog
   421 | D        | Killed a spiny frog
   421 | D        | Reached skill level 19 in Axes
   421 | D        | Reached skill level 5 in Armour
   421 | D        | Reached XP level 10. HP: 80/96 MP: 16/18
   431 | D        | Killed a spiny frog
   523 | D        | Noticed Gastronok
   536 | D        | Killed Gastronok
   536 | D        | Reached skill level 20 in Axes
   646 | D        | Noticed an orc knight
   651 | D        | Noticed an orc knight
   658 | D        | Noticed an orc knight
   662 | D        | Noticed an orc knight
   663 | D        | Killed an orc knight
   667 | D        | Killed an orc knight
   667 | D        | Reached XP level 11. HP: 74/106 MP: 20/20
   675 | D        | Killed an orc knight
   675 | D        | Reached skill level 21 in Axes
   683 | D        | Killed an orc knight
   813 | D        | Found Lucu's General Store.
   813 | D        | Noticed a two-headed ogre
   813 | D        | Noticed an ogre mage
   813 | D        | Noticed an ogre mage
   813 | D        | Noticed a two-headed ogre
   813 | D        | Noticed a two-headed ogre
   814 | D        | Noticed a two-headed ogre
   816 | D        | Killed a two-headed ogre
   819 | D        | Noticed an ogre mage
   820 | D        | Killed an ogre mage
   825 | D        | Killed a two-headed ogre
   825 | D        | Reached skill level 10 in Fighting
   830 | D        | Killed a two-headed ogre
   832 | D        | Killed a two-headed ogre
   833 | D        | Found Ediniott's Book Shoppe.
   837 | D        | Killed an ogre mage
   837 | D        | Reached skill level 22 in Axes
   837 | D        | Reached skill level 10 in Armour
   845 | D        | Killed an ogre mage
   852 | D        | Found Zeirah's Gadget Emporium.
   854 | D        | Noticed a two-headed ogre
   855 | D        | Found Dagausef's Food Shoppe.
   855 | D        | Noticed a two-headed ogre
   856 | D        | Noticed an ogre mage
   862 | D        | Killed a two-headed ogre
   866 | D        | Killed a two-headed ogre
   869 | D        | Killed an ogre mage
   976 | D        | Noticed Harold
   988 | D        | Killed Harold
   988 | D        | Reached XP level 12. HP: 101/121 MP: 22/22
  1150 | D        | Noticed a seven-headed hydra
  1150 | D        | Noticed a two-headed ogre
  1158 | D        | Killed a ten-headed hydra
  1167 | D        | Killed a two-headed ogre
  1167 | D        | Reached skill level 23 in Axes
  1174 | D        | Noticed an ice dragon
  1178 | D        | Noticed a vampire knight
  1178 | D        | Noticed a fire dragon
  1188 | D        | Killed an ice dragon
  1198 | D        | Killed a fire dragon
  1206 | D        | Killed a vampire knight
  1323 | D        | Noticed an anaconda
  1331 | D        | Killed an anaconda
  1361 | D        | Reached skill level 24 in Axes
  1382 | D        | Noticed a seven-headed hydra
  1386 | D        | Noticed a thorn hunter
  1388 | D        | Noticed a five-headed hydra
  1398 | D        | Killed an 11-headed hydra
  1412 | D        | Killed a thorn hunter
  1412 | D        | Reached XP level 13. HP: 135/135 MP: 23/23
  1600 | D        | Noticed a merfolk javelineer
  1612 | D        | Killed a merfolk javelineer
  1612 | D        | Reached skill level 25 in Axes
  1697 | D        | Noticed Nergalle
  1705 | D        | Killed Nergalle
  1705 | D        | Reached skill level 15 in Fighting
  1731 | D        | Noticed Kirke
  1743 | D        | Killed Kirke
  1786 | D        | Noticed a red very ugly thing
  1786 | D        | Noticed an ettin
  1790 | D        | Killed a red very ugly thing
  1790 | D        | Reached skill level 15 in Armour
  1795 | D        | Noticed a golden dragon
  1795 | D        | Killed an ettin
  1796 | D        | Noticed a red very ugly thing
  1801 | D        | Reached skill level 26 in Axes
  1804 | D        | Noticed an ettin
  1805 | D        | HP: 5/139 [golden dragon (6)]
  1809 | D        | Noticed a fire giant
  1817 | D        | Killed a golden dragon
  1821 | D        | Killed a red very ugly thing
  1830 | D        | Reached skill level 10 in Dodging
  1835 | D        | Killed an ettin
  1842 | D        | Noticed a stone giant
  1847 | D        | Killed a fire giant
  1847 | D        | Gained mutation: You resist negative energy. (rN+) [Deep Dwarf growth]
  1847 | D        | Reached XP level 14. HP: 99/151 MP: 21/21
  1859 | D        | Killed a stone giant
  1870 | D        | Reached skill level 27 in Axes
  2056 | D        | Noticed a vault warden
  2061 | D        | Noticed a tengu reaver
  2063 | D        | Noticed an entropy weaver
  2067 | D        | Noticed a stone giant
  2079 | D        | Noticed a frost giant
  2088 | D        | Noticed an entropy weaver
  2090 | D        | Mangled by a vault warden

Vault maps used:
D:        linesprint

Skill      XL: |  1  2  3  4  5  6  7  8  9 10 11 12 13 14 |
---------------+-------------------------------------------+-----
Axes           | 5 8 11 12 13 15 17 19 20 22 24 26 27 | 27.0
Fighting       | 4 5 6 8 9 11 14 16 17 | 17.7
Armour         | 1 3 5 7 11 13 16 17 | 17.1
Dodging        | 5 6 7 8 10 | 10.3
Invocations    | 4 6 7 8 10 12 14 | 14.1
Stealth        | |  2.4

Action                   |  1- 3 |  4- 6 |  7- 9 | 10-12 | 13-15 || total
-------------------------+-------+-------+-------+-------+-------++-------
Melee: Hand axe          |    31 |       |       |       |       ||    31
       Broad axe         |     4 |    12 |    64 |   241 |   224 ||   545
 Abil: Heal Wounds       |       |       |       |       |    11 ||    11
  Use: Potion            |     2 |       |       |     1 |     1 ||     4
 Stab: Sleeping          |     1 |       |       |       |       ||     1
       Distracted        |       |       |       |     4 |       ||     4
       Confused          |       |       |       |     4 |     1 ||     5
  Eat: Fruit             |       |       |       |     2 |       ||     2
       Meat ration       |       |       |       |       |     1 ||     1
Armor: Robe              |     3 |       |       |       |       ||     3
       Plate armour      |     6 |     6 |    37 |    21 |       ||    70
       Chain mail        |       |       |       |    60 |    62 ||   122
       Gold dragon scale |       |       |       |       |    35 ||    35
Dodge: Dodged            |    12 |     4 |    21 |    84 |   110 ||   231
